 Dungeon Crawl Stone Soup version 0.23-a0-139-ga22e90c45f (webtiles) character file.

3004 Holzbalken the Chopper (level 9, -4/63 HPs)
             Began as a Demonspawn Fighter on Aug 31, 2018.
             Slain by a black bear (9 damage)
             ... on level 8 of the Dungeon.
             The game lasted 00:34:01 (7527 turns).

Holzbalken the Chopper (Demonspawn Fighter)         Turns: 7527, Time: 00:34:01

Health: -4/63      AC: 18    Str: 20    XL:     9   Next: 54%
Magic:  18/18      EV:  4    Int: 10    God:
Gold:   137        SH: 11    Dex: 16    Spells: 8/8 levels left

rFire    . . .     SeeInvis .   b - +0 morningstar (venom) {b}
rCold    . . .     Gourm    .   c - +0 shield
rNeg     . . .     Faith    .   z - +0 plate armour
rPois    .         Spirit   .   (helmet restricted)
rElec    .         Reflect  .   C - +0 cloak
rCorr    .         Harm     .   A - +1 pair of gloves {archery}
MR       .....                  x - +2 pair of boots
Stlth    ..........             i - amulet of the acrobat
HPRegen  0.20/turn              e - ring of magical power
MPRegen  0.16/turn              o - ring of flight

@: no status effects
A: horns 2, thin skeletal structure 2, spiny 1, rot immunity
a: Evoke Flight


You were on level 8 of the Dungeon.
You were not hungry.

You visited 2 branches of the dungeon, and saw 9 of its levels.

You collected 382 gold pieces.
You spent 245 gold pieces at shops.

Inventory:

Hand Weapons
 a - a +0 war axe
 b - a +0 morningstar of venom (weapon) {b}
Armour
 c - a +0 shield (worn)
 k - a +0 chain mail
 n - a +0 pair of gloves
 x - a +2 pair of boots (worn)
 z - a +0 plate armour (worn)
 A - a +1 pair of gloves of archery (worn)
 C - a +0 cloak (worn)
Jewellery
 e - a ring of magical power (left hand)
 i - an amulet of the acrobat (around neck)
 l - an uncursed amulet of rage
 o - a ring of flight (right hand)
 I - an uncursed ring of positive energy {unknown}
Wands
 y - a wand of acid (13)
 B - a wand of clouds (5)
Scrolls
 g - 2 scrolls of immolation
 h - 3 scrolls of identify
 j - 2 scrolls of amnesia
 t - 6 scrolls of remove curse
 v - 3 scrolls of teleportation
 w - a scroll of fog
 E - a scroll of magic mapping
 F - a scroll of fear {unknown}
 G - a scroll of enchant weapon {unknown}
Potions
 d - 2 potions of might
 m - a potion of curing
 p - 2 potions of haste
 q - a potion of ambrosia
 r - 3 potions of agility
 u - a potion of heal wounds
 D - a potion of lignification {unknown}
 H - a potion of brilliance {unknown}
 J - a potion of invisibility {unknown}
Comestibles
 f - 8 rations
 s - a chunk of flesh


   Skills:
 - Level 3.0 Fighting
 - Level 7.9(8.7) Axes
 * Level 5.3(7.4) Maces & Flails
 + Level 4.7 Armour
 + Level 7.2 Shields


You had 8 spell levels left.
You didn't know any spells.
Your spell library contained the following spells:

 Spells                   Type           Power        Failure   Level  Hunger
 Bolt of Magma            Conj/Fire/Erth #.........   100%        5    ######.
 Iskenderun's Battlesphe  Conj/Chrm      #.......     100%        5    ######.
 Venom Bolt               Conj/Pois      #.........   100%        5    ######.
 Iron Shot                Conj/Erth      #.........   100%        6    #######
 Orb of Destruction       Conj           #.........   100%        7    #######
 Spellforged Servitor     Conj/Summ      #.........   100%        7    #######


Dungeon Overview and Level Annotations

Branches:
Dungeon (8/15)             Temple (1/1) D:6
   Lair: D:8-11

Altars:
Ashenzari
Cheibriados
Dithmenos
Elyvilon
Fedhas
Gozag
Hepliaklqana
Kikubaaqudgha
Makhleb
Nemelex Xobeh
Okawaru
Qazlal
Ru
Sif Muna
Trog
Uskayaw
Vehumet
Wu Jian
Xom
Yredelemnul
Zin

Shops:
D:4 [   D:6 *   D:7 *

Annotations:
D:5 3 runed doors, Fandomethor's ghost, novice GrFi


Innate Abilities, Weirdness & Mutations

You have a pair of horns on your head.
You have a moderately thin skeletal structure. (Dex +4, Stealth+)
You are partially covered in sharp spines.
You are immune to rotting.


Message History

Your headbutt misses the black bear.
The black bear is moderately wounded.
The black bear is struck by your spines.
The black bear bites you. The black bear claws you.
* * * LOW HITPOINT WARNING * * *
The black bear claws you but does no damage.
Your plate armour prevents you from hitting the black bear.
You headbutt the black bear.
The black bear is almost dead.
The black bear goes berserk!
Your shield and plate armour prevent you from hitting the black bear.
The black bear is almost dead.
The black bear is struck by your spines.
The black bear bites you!
* * * LOW HITPOINT WARNING * * *
The black bear claws you.
* * * LOW HITPOINT WARNING * * *
The black bear claws you but does no damage.
The black bear bites you!
You die...

.≈h≈... ..≈≈...
.≈≈.... ##+###
≈...(.. #....#
....... #....# .#
.......####....#
.#
#....†h@.....##.##
#............#...#
###..........#...#
#..........#...#
#..........#...#
#...######.....#
## #...# ##....#
.# #...# #.#'## .#
#..(# #.).#


You could see a black bear (berserk).

Vanquished Creatures
  Edmund (D:5)
  3 orc warriors
  A sky beast (D:7)
  An eye of draining (D:8)
  2 phantoms
  2 ice beasts (D:5)
  A black bear (D:6)
  2 ogres (D:6)
  A centaur (D:6)
  A big kobold (D:7)
  3 bullfrogs
  A wyvern zombie (D:6)
  A gnoll sergeant (D:5)
  2 scorpions (D:5)
  A killer bee (D:5)
  2 howler monkeys (D:4)
  2 crimson imps
  A gnoll shaman (D:7)
  3 jellies
  3 orc wizards
  2 orc priests
  A bullfrog skeleton (D:7)
  4 hounds
  2 centaur skeletons
  2 iguanas
  6 worker ants
  9 gnolls
  2 howler monkey skeletons
  11 adders
  3 shadow imps (D:5)
  An ooze (D:4)
  2 adder skeletons
  2 dart slugs
  6 worms
  3 leopard geckos
  23 orcs
  A ball python (D:3)
  5 giant cockroaches
  6 hobgoblins
  11 jackals
  14 kobolds
  4 quokkas
  5 bats
  4 frilled lizards
  13 goblins
  A leopard gecko skeleton (D:5)
  8 rats
  A plant (D:3)
186 creatures vanquished.

Vanquished Creatures (others)
  A fungus (D:5)
  3 plants (D:5)
4 creatures vanquished.

Grand Total: 190 creatures vanquished

Notes
Turn   | Place    | Note
-------+----------+-------------------------------------------
     0 | D:1      | Holzbalken the Demonspawn Fighter began the quest for the
                  | Orb.
     0 | D:1      | Reached XP level 1. HP: 18/18 MP: 1/1
    84 | D:1      | Gained mutation: You have a pair of small horns on your
                  | head. [demonic ancestry]
    84 | D:1      | Reached XP level 2. HP: 22/24 MP: 2/2
   448 | D:2      | Found a burning altar of Makhleb.
   470 | D:2      | Found a faded altar of an unknown god.
   514 | D:2      | Gained mutation: You are immune to rotting. [demonic
                  | ancestry]
   514 | D:2      | Reached XP level 3. HP: 23/29 MP: 3/3
  1202 | D:3      | Gained mutation: You are partially covered in sharp spines.
                  | [demonic ancestry]
  1202 | D:3      | Reached XP level 4. HP: 33/35 MP: 4/4
  1915 | D:3      | Reached XP level 5. HP: 33/41 MP: 5/5
  2662 | D:4      | Reached XP level 6. HP: 47/47 MP: 6/6
  2672 | D:4      | Found Udimpiz's Antique Armour Shoppe.
  2799 | D:4      | Reached skill level 5 in Axes
  3166 | D:5      | Entered Level 5 of the Dungeon
  3290 | D:5      | Found a runed gate.
  3291 | D:5      | Found a runed gate.
  3291 | D:5      | Noticed Fandomethor's ghost (novice GrFi)
  3292 | D:5      | Found a runed gate.
  3349 | D:5      | Gained mutation: You have a pair of horns on your head.
                  | [demonic ancestry]
  3349 | D:5      | Reached XP level 7. HP: 34/52 MP: 7/7
  3498 | D:5      | Reached skill level 5 in Shields
  3683 | D:5      | Noticed Edmund
  3701 | D:5      | Killed Edmund
  3703 | D:5      | Gained mutation: You have a somewhat thin skeletal
                  | structure. (Dex +2, Stealth) [demonic ancestry]
  3703 | D:5      | Reached XP level 8. HP: 29/58 MP: 8/8
  4079 | D:4      | Bought a pair of embroidered gloves for 210 gold pieces
  4855 | D:6      | Got a translucent hunting sling
  4856 | D:6      | Identified the +8 hunting sling "Vyakiv" {venom, Str+6
                  | Dex-2} (You found it on level 6 of the Dungeon)
  4890 | D:6      | Found a staircase to the Ecumenical Temple.
  4899 | Temple   | Entered the Ecumenical Temple
  5234 | D:6      | Reached skill level 1 in Maces & Flails
  5636 | D:6      | Found Itymad's General Store.
  6039 | D:6      | Gained mutation: You have a moderately thin skeletal
                  | structure. (Dex +4, Stealth+) [demonic ancestry]
  6039 | D:6      | Reached XP level 9. HP: 49/63 MP: 9/9
  6381 | D:7      | Found Fahub's General Store.
  6385 | D:7      | Bought a scroll of magic mapping for 35 gold pieces
  7349 | D:8      | Found a hide-covered altar of Uskayaw.
  7397 | D:8      | Reached skill level 5 in Maces & Flails
  7527 | D:8      | Slain by a black bear

Vault maps used:
D:1:      lightli_arrival_quake
D:2:      kennysheep_the_goblin_king, chequers_ecumenical_altar_simple,
          bloody_makhleb
D:3:      lexackson_kobold_supper
D:4:      serial_shops, kennysheep_mini_moat
D:5:      cheibrodos_barr_body, first_ration, gammafunk_ghost_nasty_kobolds,
          grunt_decor_resistance, chequers_big_river, hangedman_decor_slide_cut,
          minmay_small_thing, uniq_edmund
D:6:      minmay_temple_entry_junction, serial_shops, nicolae_shop_stone
D:7:      serial_shops, nicolae_shop_trees
D:8:      basic_altar, serial_shops, nicolae_shop_overgrown_old_shop, uniq_grum
Temple:   kilobyte_greek_temple

Skill      XL: |  1  2  3  4  5  6  7  8  9 |
---------------+----------------------------+-----
Axes           | 2 3 4 5 7 |  7.9
Shields        | 3 4 5 6 7 |  7.2
Maces & Flails | 3 5 |  5.3
Armour         | 3 4 |  4.7
Fighting       | |  3.0

Action                   |  1- 3 |  4- 6 |  7- 9 || total
-------------------------+-------+-------+-------++-------
Melee: War axe           |   109 |    80 |     3 ||   192
       Headbutt          |     7 |    29 |    59 ||    95
       Morningstar       |       |    40 |   235 ||   275
  Use: Scroll            |       |     7 |     4 ||    11
  Eat: Chunk             |     1 |     5 |    12 ||    18
       Ration            |       |     1 |       ||     1
Armor: Scale mail        |    14 |       |       ||    14
       Chain mail        |    43 |    48 |    30 ||   121
       Plate armour      |       |       |    68 ||    68
Dodge: Dodged            |    33 |    29 |    41 ||   103
Block: Shield            |    62 |    67 |   125 ||   254

Table legend:
 A = Non-vault XP
 B = Vault XP
 C = Vault XP percentage of total XP
 D = Non-vault monster count
 E = Vault monster count
 F = Vault count percentage of total count
                 A         B        C        D         E       F
            +---------+---------+-------+---------+---------+-------
      Total |    3663 |     629 |  14.7 |     157 |      28 |  15.1
            +---------+---------+-------+---------+---------+-------
        D:1 |      24 |       0 |   0.0 |      15 |       0 |   0.0
        D:2 |      51 |      12 |  19.0 |      15 |       7 |  31.8
        D:3 |     145 |      11 |   7.1 |      27 |       8 |  22.9
        D:4 |     332 |       0 |   0.0 |       9 |       0 |   0.0
        D:5 |     644 |     606 |  48.5 |      28 |      13 |  31.7
        D:6 |    1066 |       0 |   0.0 |      23 |       0 |   0.0
        D:7 |     941 |       0 |   0.0 |      34 |       0 |   0.0
        D:8 |     460 |       0 |   0.0 |       6 |       0 |   0.0
            +---------+---------+-------+---------+---------+-------
